 Dungeon Crawl Stone Soup version 0.30.1-3-gfc49f6343a (webtiles) character file.

Game seed: 5479238495886646507

16401 Atelerd the Thaumaturge (level 12, -7/70 HPs)
             Began as an Octopode Earth Elementalist on July 31, 2023.
             Was an Elder of Sif Muna.
             Mangled by a blink frog (15 damage)
             ... on level 2 of the Lair of Beasts.
             The game lasted 00:24:02 (16154 turns).

Atelerd the Thaumaturge (OpEE)                     Turns: 16154, Time: 00:24:03

Health: -7/70      AC:  1    Str:  7    XL:     12   Next: 37%
Magic:  21/28      EV: 14    Int: 23    God:    Sif Muna [****..]
Gold:   502        SH:  0    Dex: 12    Spells: 22/36 levels left

rFire   . . .        k - staff of air
rCold   + . .        (no shield)
rNeg    + + .        (helmet restricted)
rPois   +            (no amulet)
rElec   +            n - ring of see invisible
rCorr   .            y - ring of positive energy
SInv    +            p - ring of protection from cold
Will    .....        z - ring of poison resistance
Stlth   ++++++       G - ring of positive energy
HPRegen 0.31/turn    (no ring)
MPRegen 0.21/turn    (no ring)
                     (no ring)

%: no passive effects
@: mighty, attractive, very slightly contaminated, hasted, invisible, very quick
A: almost no armour, amphibious, 8 rings, camouflage 1, gelatinous body 1,
nimble swimmer 1, tentacles
a: Renounce Religion, Channel Magic, Forget Spell, Divine Exegesis


You were on level 2 of the Lair of Beasts.
You worshipped Sif Muna.
Sif Muna was greatly pleased with you.
You visited 3 branches of the dungeon, and saw 15 of its levels.

You collected 634 gold pieces.
You spent 132 gold pieces at shops.

Inventory:

Hand Weapons
 w - a +5 rapier of holy wrath
Missiles
 i - 2 throwing nets
Magical Staves
 k - a staff of air (weapon)
Jewellery
 n - a ring of see invisible (left tentacle)
 p - a ring of protection from cold (on tentacle)
 y - a ring of positive energy (right tentacle)
 z - a ring of poison resistance (on tentacle)
 G - a ring of positive energy (on tentacle)
 L - a ring of flight
Wands
 h - a wand of mindburst (10)
 A - a wand of polymorph (10)
 B - a wand of paralysis (4)
 D - a wand of iceblast (13)
 J - a wand of digging (2)
 M - a wand of light (3)
Scrolls
 a - 6 scrolls of identify
 f - 5 scrolls of enchant armour
 g - 5 scrolls of poison
 m - 4 scrolls of enchant weapon
 q - a scroll of torment
 s - 2 scrolls of magic mapping
 u - 3 scrolls of fog
 v - 2 scrolls of vulnerability
 x - 4 scrolls of amnesia
 E - a scroll of silence
 F - 3 scrolls of teleportation {unknown}
 H - a scroll of butterflies {unknown}
 N - a scroll of noise {unknown}
Potions
 b - a potion of ambrosia
 c - 5 potions of degeneration
 d - 3 potions of brilliance
 e - 2 potions of cancellation
 j - 4 potions of flight
 o - 2 potions of curing
 r - a potion of resistance
 t - 3 potions of mutation
 C - 2 potions of attraction


   Skills:
 - Level 2.0 Fighting
 - Level 2.0 Short Blades
 - Level 5.0 Dodging
 * Level 9.8 Stealth
 + Level 12.9 Spellcasting
 + Level 3.7 Necromancy
 - Level 5.0 Transmutations
 + Level 3.1 Air Magic
 + Level 8.7 Earth Magic
 - Level 3.0 Invocations
 - Level 1.0 Evocations


You had 22 spell levels left.
You knew the following spells:

 Your Spells              Type           Power      Damage    Failure   Level
a - Sandblast             Erth           100%       2d20      1%          1
b - Airstrike             Air            22%        2d(4-20)  11%         4
p - Petrify               Tmut/Erth      46%        N/A       2%          4
v - Borgnjor's Vile Clut  Necr/Erth      21%        N/A       9%          5

Your spell library contained the following spells:

 Spells                   Type           Power      Damage    Failure   Level
 Beastly Appendage        Tmut           76%        N/A       1%          1
 Necrotise                Necr           100%       1d9       1%          1
 Passwall                 Tmut/Erth      38%        N/A       1%          2
 Wereblood                Tmut           38%        N/A       1%          2
 Stone Arrow              Conj/Erth      68%        3d11      1%          3
 Static Discharge         Conj/Air       66%        2-5/arc   3%          2
 Apportation              Tloc           28%        N/A       4%          1
 Summon Small Mammal      Summ           56%        N/A       4%          1
 Spider Form              Tmut/Pois      26%        N/A       4%          3
 Animate Dead             Necr           32%        N/A       9%          4
 Summon Lightning Spire   Summ/Air       33%        N/A       22%         4
 Death Channel            Necr           16%        N/A       80%         6
 Malign Gateway           Summ/Tloc      7%         N/A       100%        7
 Summon Horrible Things   Summ           7%         N/A       100%        8


Dungeon Overview and Level Annotations

Branches:
Dungeon (12/15)            Temple (1/1) D:4            Lair (2/5) D:11
    Orc (0/2) D:10
  Swamp: Lair:2-3    Shoals: Lair:2-3     Snake: Lair:2-3    Spider: Lair:2-3

Altars:
Ashenzari
Cheibriados
Dithmenos
Elyvilon
Fedhas
Gozag
Hepliaklqana
Kikubaaqudgha
Makhleb
Nemelex Xobeh
Okawaru
Qazlal
Ru
Sif Muna
Trog
Uskayaw
Vehumet
Wu Jian
Xom
Yredelemnul
Zin
The Shining One

Shops:
D:2 [   D:3 :   D:4 ?

Annotations:
D:6 3 runed translucent doors, unrecovered's ghost, novice TeHu
D:7 exclusion: downstairs
D:9 exclusion: downstairs
D:11 Grum
D:12 Nergalle; Snorg


Innate Abilities, Weirdness & Mutations

You cannot wear most types of armour.
You are amphibious.
You can wear up to eight rings at the same time.
Your skin changes colour to match your surroundings (Stealth+).
Your rubbery body absorbs attacks. (AC +1, EV +1)
You are camouflaged when in or above water. (Stealth+)
You have tentacles for arms and can constrict up to eight enemies at once.


Message History

The blink frog hits you. x2; The rime drake misses you.
Casting: Borgnjor's Vile Clutch (dangerous; 9% risk of failure)
Confirm with . or Enter, or press ? or * to list all spells.
Okay, then.
Okay, then.
Unknown command.
It was a potion of haste.
You feel yourself speed up.
The blink frog blinks!
The blink frog misses you. The rime drake completely misses you.
The blink frog closely misses you. x2
The rime drake bites you but does no damage.
The blink frog is attracted toward you. x2
It was a potion of invisibility.
You fade into invisibility!
The blink frog hits you!
* * * LOW HITPOINT WARNING * * *
The blink frog blinks!
You feel much better. The rime drake breathes ice at you.
The icy flash freeze misses you. The blink frog closely misses you.
The blink frog barely misses you.
It was a potion of might.
You feel very mighty all of a sudden. The rime drake barely misses you.
The blink frog hits you. The blink frog hits you!
* * * LOW HITPOINT WARNING * * *
The blink frog hits you!
* * * LOW HITPOINT WARNING * * *
The blink frog blinks!
The blink frog is attracted toward you.
Okay, then.
Okay, then.
Unknown command.
Aiming: Bolt of Light
Press: ? - help, Shift-Dir - straight line, f - blink frog, p - rime drake
Aim: a blink frog (50% to hit)
The bolt of light hits the rime drake!
The rime drake is almost dead.
The rime drake is blinded.
The bolt of light hits the blink frog!
The blink frog is moderately wounded.
The blink frog is blinded.
The blink frog hits you!
You die...

. ###....#.#..P#
..#.#....##.#.##
P..........##.##
.........P...### .
.....#P.......### .P#.
###..#...~~~~~..#### ..#.
##.#.~~≈≈~~~~..... ....#
#.~.~≈≈F≈≈≈≈.#.
.....####..~≈~≈F@≈≈~.#
P.#.P..##..~~≈≈§kF≈≈~#
#.#........~~~~~~~≈.≈#
P..##..#..#..~..<.~..####.#
P.#.#..#.....~............#
......#.##..###..F##.###.##
P...#.#.8.### #....###
..#.##.....# ##.§.#
.....#8.>.8# P..##


You could see 4 blink frogs and a rime drake (blind, catching breath).

Vanquished Creatures
  4 two-headed ogres
  A deep elf pyromancer (D:12)
  A manticore (D:11)
  A cyclops (D:11)
  A black mamba (Lair:2)
  Maurice (D:9)
  2 cane toads (Lair:1)
  Maggie (D:8)
  A gargoyle (D:11)
  An unseen horror (D:11)
  4 komodo dragons
  3 trolls
  A polar bear (Lair:1)
  A hornet (D:9)
  A blink frog (Lair:2)
  5 shadows
  A vampire (D:10)
  Sigmund (D:6)
  A wraith (D:11)
  3 wyverns
  13 yaks
  4 basilisks (Lair:1)
  A steam dragon (D:7)
  5 water moccasins
  A two-headed ogre zombie (D:10)
  2 sky beasts
  5 orc warriors
  2 black bears
  An ogre (D:6)
  3 wolves (D:11)
  A phantom (D:5)
  A kobold brigand (D:6)
  5 bullfrogs
  A scorpion (D:6)
  2 gnoll sergeants
  A water moccasin zombie (D:4)
  4 wights
  A troll zombie (D:10)
  4 killer bees (D:9)
  5 electric eels
  4 howler monkeys
  A human zombie (D:4)
  2 jellies
  7 orc priests
  2 hounds (D:6)
  A sleepcap (D:7)
  4 iguanas
  A scorpion zombie (D:4)
  8 orc wizards
  6 ogre zombies (D:10)
  2 hound zombies (D:4)
  A mummy (D:4)
  11 gnolls
  5 adders
  A shadow imp (D:6)
  3 white imps
  2 ufetubi
  5 adder zombies (D:4)
  3 dart slugs
  23 orcs
  6 endoplasms
  2 giant cockroaches (D:1)
  6 goblins
  9 hobgoblins
  9 kobolds
  3 quokkas
  5 ball pythons
  3 bats (D:3)
  6 frilled lizards
  2 goblin skeletons (D:10)
  A goblin zombie (D:10)
  A hobgoblin skeleton (D:10)
  5 hobgoblin zombies (D:10)
  3 orc skeletons (D:10)
  12 orc zombies (D:10)
  5 rats
267 creatures vanquished.

Notes
Turn   | Place    | Note
-------+----------+-------------------------------------------
     0 | D:1      | Atelerd the Octopode Earth Elementalist began the quest for
                  | the Orb.
     0 | D:1      | Reached XP level 1. HP: 11/11 MP: 3/3
   262 | D:1      | Reached XP level 2. HP: 17/17 MP: 1/5
   610 | D:2      | Reached XP level 3. HP: 21/21 MP: 4/6
   816 | D:2      | Found Copiuwom's Armour Boutique.
   894 | D:2      | Reached XP level 4. HP: 12/27 MP: 0/7
  1320 | D:2      | Identified the +5 ring mail "Tydakkasm" {-Tele rCorr Int+2
                  | SInv}
  1823 | D:3      | Found Buc Zep's Book Boutique.
  2544 | D:4      | Found a staircase to the Ecumenical Temple.
  2598 | D:4      | Reached skill level 3 in Spellcasting
  2598 | D:4      | Reached XP level 5. HP: 31/31 MP: 4/9
  2788 | D:4      | Found Tusewn's Magic Scroll Shoppe.
  2791 | D:4      | Bought a scroll of identify for 22 gold pieces
  2791 | D:4      | Bought a scroll of fog for 44 gold pieces
  2791 | D:4      | Bought a scroll of vulnerability for 44 gold pieces
  2791 | D:4      | Bought a scroll of identify for 22 gold pieces
  3032 | D:4      | Found a basalt altar of Yredelemnul.
  3183 | D:4      | Reached XP level 6. HP: 32/36 MP: 6/11
  4045 | Temple   | Entered the Ecumenical Temple
  4343 | Temple   | Became a worshipper of Sif Muna the Loreminder
  4437 | D:5      | Entered Level 5 of the Dungeon
  4475 | D:5      | Reached skill level 4 in Spellcasting
  4746 | D:5      | Found a white marble altar of Elyvilon.
  4756 | D:5      | Reached skill level 5 in Earth Magic
  4756 | D:5      | Reached XP level 7. HP: 41/41 MP: 10/13
  5189 | D:6      | Found a runed translucent gate.
  5189 | D:6      | Found a runed translucent gate.
  5190 | D:6      | Found a runed translucent gate.
  5476 | D:6      | Noticed Sigmund
  5482 | D:6      | Killed Sigmund
  5483 | D:6      | Reached skill level 5 in Spellcasting
  5483 | D:6      | Reached skill level 5 in Transmutations
  5483 | D:6      | Reached XP level 8. HP: 44/46 MP: 6/15
  5656 | D:6      | Learned a level 4 spell: Petrify
  5662 | D:6      | Learned a level 5 spell: Borgnjor's Vile Clutch
  5862 | D:6      | Reached skill level 1 in Necromancy
  5960 | D:6      | Found a broken altar of Ashenzari.
  6172 | D:6      | Found a sparkling altar of Nemelex Xobeh.
  6477 | D:6      | Reached * piety under Sif Muna
  6478 | D:6      | Reached skill level 1 in Fighting
  6478 | D:6      | Reached skill level 1 in Short Blades
  6478 | D:6      | Reached skill level 1 in Invocations
  6478 | D:6      | Reached skill level 1 in Evocations
  6643 | D:6      | Found an opulent altar of Gozag.
  6643 | D:6      | Noticed a troll
  6645 | D:6      | Noticed a cyclops
  6645 | D:6      | Noticed unrecovered's ghost (novice TeHu)
  7341 | D:7      | Reached skill level 5 in Stealth
  7341 | D:7      | Reached XP level 9. HP: 51/54 MP: 13/16
  8072 | D:8      | Noticed Maggie
  8093 | D:8      | Killed Maggie
  8094 | D:8      | Reached skill level 6 in Spellcasting
  8541 | D:8      | Reached skill level 7 in Spellcasting
  8619 | D:8      | Noticed a two-headed ogre
  8630 | D:8      | Killed a two-headed ogre
  8631 | D:8      | Reached skill level 8 in Spellcasting
  8631 | D:8      | Reached XP level 10. HP: 60/60 MP: 1/22
  8807 | D:8      | Reached ** piety under Sif Muna
  9237 | D:9      | Noticed Maurice
  9250 | D:9      | Killed Maurice
  9251 | D:9      | Reached skill level 9 in Spellcasting
  9325 | D:9      | Found a shimmering altar of Xom.
  9931 | D:9      | Noticed a two-headed ogre
  9935 | D:9      | HP: 3/60 [two-headed ogre/+0 giant club (7)]
  9936 | D:9      | Killed a two-headed ogre
  9937 | D:9      | Reached skill level 5 in Dodging
 10326 | D:9      | Noticed a two-headed ogre
 10359 | D:9      | Killed a two-headed ogre
 10360 | D:9      | Reached skill level 10 in Spellcasting
 10478 | D:10     | Entered Level 10 of the Dungeon
 10563 | D:10     | Reached XP level 11. HP: 64/64 MP: 22/25
 10626 | D:10     | Found a staircase to the Orcish Mines.
 10776 | D:10     | Reached *** piety under Sif Muna
 10809 | D:10     | Reached skill level 11 in Spellcasting
 11359 | D:11     | Noticed a two-headed ogre
 11371 | D:11     | Killed a two-headed ogre
 11414 | D:11     | Noticed a manticore
 11635 | D:11     | Killed a manticore
 11870 | D:11     | Identified the +3 hand axe "Tyraud" {antimagic, *Noise rF+
                  | Int+3}
 11985 | D:11     | Reached skill level 12 in Spellcasting
 12205 | D:11     | Found a staircase to the Lair.
 12361 | D:11     | Noticed Grum
 12496 | D:11     | Noticed a cyclops
 12507 | D:11     | Killed a cyclops
 12532 | D:11     | Reached **** piety under Sif Muna
 12754 | D:12     | Noticed a deep elf pyromancer
 12763 | D:12     | Killed a deep elf pyromancer
 12845 | D:12     | Noticed Nergalle
 12849 | D:12     | Noticed a cyclops
 12850 | D:12     | Noticed Snorg
 13020 | D:10     | Reached skill level 1 in Air Magic
 13761 | D:10     | Noticed a two-headed ogre
 14411 | Lair:1   | Entered Level 1 of the Lair of Beasts
 14600 | Lair:1   | Reached XP level 12. HP: 62/70 MP: 15/28
 14785 | Lair:1   | Learned a level 4 spell: Airstrike
 16154 | Lair:2   | Mangled by a blink frog

Illustrated notes

Levels and vault maps discovered:
D:1:      dpeg_arrival_radiant, layout_rooms
D:2:      layout_basic, serial_shops, shop
D:3:      wander_river, layout_loops_ring, serial_shops, nicolae_shop_trees,
          serial_rivers, chequers_serial_rivers_micro_c,
          chequers_serial_rivers_room_b, chequers_serial_rivers_large_b,
          chequers_serial_rivers_marsh, chequers_serial_rivers_small_a,
          chequers_serial_rivers_small_a
D:4:      layout_loops_ring, lemuel_mausoleum_altar_yredelemnul,
          minmay_temple_entry_junction, serial_shops, nicolae_shop_behind_doors,
          kennysheep_generic_room_2
D:5:      layout_basic, mainiacjoe_overflow_paths
D:6:      layout_gridville, nicolae_overflow_squiral, ebering_ghost_gozag,
          sigmund_army
D:7:      minmay_recursive_quarters, layout_basic
D:8:      layout_basic, uniq_maggie
D:9:      layout_loops_cross, xom_teletrap_fun, uniq_maurice
D:10:     layout_basic, zombieorc2_lemuel
D:11:     layout_roguey, lair_entry_dummy, uniq_grum
D:12:     layout_rooms, special_room [special_room_orc], slow_altar_1,
          uniq_nergalle, uniq_snorg
Temple:   minmay_temple_bridge_d
Lair:1:   layout_roguey, nicolae_quartered_pool_impasse, serial_bayou_shore_a
Lair:2:   layout_loops_ring, swamp_mist, nicolae_snake_entry_squirm,
          infiniplex_staircase_pool, grunt_megastairs_3

Skill      XL: |  1  2  3  4  5  6  7  8  9 10 11 12 |
---------------+-------------------------------------+-----
Stealth        | 3 5 7 8 9 |  9.8
Transmutations | 2 3 4 5 |  5.0
Spellcasting   | 3 4 5 8 10 12 | 12.9
Earth Magic    | 4 5 6 8 |  8.7
Necromancy     | 2 3 |  3.7
Fighting       | 2 |  2.0
Short Blades   | 2 |  2.0
Invocations    | 2 3 |  3.0
Evocations     | 1 |  1.0
Dodging        | 5 |  5.0
Air Magic      | 2 3 |  3.1

Action                     |  1- 3 |  4- 6 |  7- 9 | 10-12 || total
---------------------------+-------+-------+-------+-------++-------
  Melee: Unarmed           |     8 |       |       |       ||     8
         Constrict         |     5 |    13 |     6 |    12 ||    36
         Short sword       |     6 |    25 |    38 |    12 ||    81
         Tentacles         |     3 |     7 |    14 |    27 ||    51
         Rapier            |       |       |       |    69 ||    69
   Cast: Sandblast         |    30 |    93 |   149 |   209 ||   481
         Petrify           |       |       |    22 |    62 ||    84
         Borgnjor's Vile C |       |       |       |    33 ||    33
 Invoke: Channel Magic     |       |       |       |     2 ||     2
  Evoke: Wand              |       |       |     1 |     7 ||     8
    Use: Potion            |       |     1 |     4 |     7 ||    12
         Scroll            |       |     5 |     3 |     9 ||    17
   Stab: Sleeping          |     1 |     2 |     1 |     4 ||     8
         Petrified         |       |       |    31 |    60 ||    91
         Paralysed         |       |       |       |     3 ||     3
         Petrifying        |       |       |       |     1 ||     1
 Armour: Skin              |       |     2 |     3 |     7 ||    12
  Dodge: Dodged            |    30 |    38 |    49 |    81 ||   198
